Map: 10000 Feet LE

Players

VITRyung (Ryung)

  • Race: Terran Terran
  • League: Grandmaster
  • Spawn Location: 5:00

LiquidMaNa (MaNa) - Winner!

  • Race: Protoss Protoss
  • League: Grandmaster
  • Spawn Location: 11:00

VOD

Have the link to the VOD?

Description

Time

  • Played on: Jan. 30, 2026, 1:23 p.m.
  • Length: 18:21
Show
View Real Time Build Order
Export as new Build Order

VITRyung Terran 

Build Orders:  

Get SALT Encoding   

  12  0:00  SCV  
  13  0:12  SCV  
  14  0:16  Supply Depot  
  14  0:24  SCV  
  15  0:38  SCV  
  15  0:39  Barracks  
  16  0:43  Refinery  
  16  0:50  SCV  
  17  1:02  SCV  
  18  1:14  SCV  
  19  1:26  Marine  
  19  1:27  Orbital Command  
  20  1:36  Command Center  
  20  1:44  Barracks Reactor  
  20  1:46  Supply Depot  
  20  1:54  SCV  
  21  2:07  SCV  
  22  2:19  SCV  
  22  2:20  Marine x2  
  25  2:23  Command Center  
  25  2:31  SCV  
  25  2:36  Barracks  
  26  2:38  Marine  
  26  2:39  Marine  
  26  2:43  SCV  
  29  2:53  Orbital Command  
  29  2:55  SCV  
  30  3:01  Barracks  
  30  3:04  Marine x2  
  32  3:08  SCV  
  33  3:19  SCV  
  34  3:20  SCV  
  34  3:23  Marine x2  
  34  3:24  Barracks Tech Lab  
  37  3:28  Refinery  
  37  3:31  SCV  
  37  3:32  SCV  
  39  3:39  Orbital Command  
  39  3:41  Marine x2  
  38  3:43  Marine  
  38  3:48  Stimpack  
  40  3:49  SCV x2  
  40  3:53  Barracks Tech Lab  
  41  4:00  Marine x2  
  41  4:01  Marine, SCV x2  
  46  4:04  Supply Depot  
  46  4:05  SCV  
  46  4:13  Combat Shield, SCV x2  
  48  4:17  SCV  
  48  4:18  Marine  
  48  4:19  Marine x2  
  48  4:20  Marauder  
  54  4:26  SCV  
  54  4:27  SCV, Supply Depot  
  54  4:30  SCV  
  57  4:36  Marine  
  57  4:37  Marine, Marauder  
  61  4:40  Factory  
  61  4:43  SCV x2, Marauder  
  65  4:46  Supply Depot  
  65  4:50  SCV  
  65  4:52  Supply Depot  
  66  4:55  SCV  
  66  4:58  Engineering Bay  
  66  4:59  SCV  
  68  5:02  SCV, Marine  
  68  5:03  Marauder  
  68  5:05  Marauder  
  74  5:15  Bunker  
  74  5:17  SCV x2  
  74  5:18  SCV  
  75  5:22  Marine x2, Refinery  
  75  5:24  Marauder  
  75  5:26  Marauder, Factory Reactor  
  78  5:29  SCV  
  78  5:30  SCV  
  78  5:31  SCV  
  78  5:32  Starport  
  78  5:33  Terran Infantry Weapons Level 1  
  76  5:41  Refinery, SCV  
  76  5:42  SCV  
  78  5:45  Marine x2, Supply Depot  
  78  5:47  Concussive Shells  
  80  5:52  Marine x2  
  80  5:54  SCV x2  
  84  5:57  Orbital Command  
  84  6:02  Marine  
  84  6:03  Marine  
  86  6:05  Barracks  
  86  6:06  SCV x2, Barracks  
  88  6:12  Starport  
  88  6:15  Medivac x2  
  92  6:19  Factory Reactor  
  92  6:21  Marauder  
  92  6:22  SCV  
  92  6:23  SCV x2  
  97  6:28  Supply Depot  
  97  6:38  Supply Depot  
  97  6:39  SCV x3  
  97  6:40  Supply Depot  
  97  6:45  Marine, Marauder x2  
  97  6:46  Marine  
  101  6:50  Supply Depot  
  101  6:51  Viking, SCV x2  
  101  6:52  SCV  
  104  7:01  Barracks Reactor  
  104  7:03  Barracks Tech Lab, SCV x2  
  104  7:04  SCV, Viking  
  104  7:05  Supply Depot  
  104  7:07  Supply Depot, Viking  
  111  7:10  Viking  
  113  7:20  SCV x3  
  116  7:23  Viking  
  116  7:25  Supply Depot  
  116  7:26  Supply Depot  
  116  7:27  Terran Infantry Armor Level 1  
  116  7:29  Refinery x2  
  117  7:37  Marauder x3  
  117  7:39  Viking x2  
  117  7:40  Marine  
  117  7:41  Marine  
  128  7:48  Supply Depot  
  128  7:50  Supply Depot  
  126  7:54  SCV  
  126  7:55  SCV x2  
  126  7:56  Viking x2  
  131  8:06  Armory  
  131  8:07  SCV x3, Engineering Bay  
  131  8:09  Refinery  
  134  8:12  Medivac  
  134  8:13  Medivac  
  134  8:17  Missile Turret  
  134  8:19  SCV x3  
  141  8:24  Supply Depot  
  141  8:25  Supply Depot  
  141  8:28  Marauder x3  
  141  8:31  SCV x2  
  141  8:32  Ghost Academy  
  149  8:35  Medivac x2  
  149  8:39  SCV  
  154  8:43  SCV x2  
  156  8:51  SCV  
  156  8:55  SCV x2  
  158  8:57  Sensor Tower  
  158  8:59  Terran Infantry Weapons Level 2  
  158  9:05  Terran Ship Weapons Level 1, Ghost  
  158  9:07  Bunker  
  158  9:09  Supply Depot  
  160  9:13  Ghost  
  160  9:16  Barracks x2  
  162  9:18  Marine x4, Barracks  
  162  9:21  Ghost  
  167  9:29  Terran Infantry Armor Level 2  
  167  9:38  Missile Turret x2  
  167  9:40  Ghost, Marine x2  
  167  9:41  Marine, Missile Turret  
  167  9:42  Marine  
  167  9:44  Ghost  
  175  9:54  Ghost  
  175  9:56  Missile Turret  
  175  9:57  Missile Turret  
  175  9:59  Missile Turret  
  177  10:02  Missile Turret  
  177  10:04  Barracks Tech Lab  
  177  10:05  Barracks Tech Lab, Barracks Reactor  
  177  10:10  Ghost  
  177  10:12  Command Center, Marine x3  
  182  10:16  Supply Depot  
  181  10:21  Viking x3  
  186  10:41  Marauder, Ghost x2  
  192  10:53  Command Center  
  188  11:16  Command Center  
  188  11:18  Terran Infantry Weapons Level 3, Command Center, Supply Depot  
  188  11:26  Terran Ship Weapons Level 2  
  188  11:28  Marine  
  188  11:32  Marauder x4  
  197  11:36  Marauder  
  197  11:45  Fusion Core  
  197  11:46  Terran Infantry Armor Level 3  
  197  11:54  Marauder  
  196  12:03  Medivac  
  196  12:04  Medivac  
  191  12:11  Marauder x4, Marine x3  
  191  12:15  Marauder, Marine x2  
  188  12:16  Marine  
  182  12:32  Marauder  
  182  12:33  Marauder  
  182  12:34  Marauder  
  182  12:35  Marauder, Marine, Viking  
  182  12:36  Viking, Marauder  
  196  12:38  Caduceus Reactor  
  190  12:44  SCV x3  
  190  12:50  Orbital Command  
  193  12:56  Medivac x2, SCV x2  
  195  13:00  Ghost x2  
  195  13:02  Planetary Fortress  
  195  13:05  Refinery x2  
  199  13:08  Missile Turret  
  199  13:09  Sensor Tower  
  199  13:22  Sensor Tower  
  199  13:23  Personal Cloaking  
  197  13:36  Marine x3  
  200  13:45  Missile Turret  
  200  13:46  Terran Ship Weapons Level 3  
  200  13:47  Command Center, Advanced Ballistics  
  200  14:14  Command Center  
  200  14:22  Viking x2  
  199  14:27  Starport  
  199  14:33  Starport  
  189  14:42  Marine x6  
  189  14:43  Marauder x4  
  162  14:45  Marauder  
  162  14:49  Nuke  
  162  14:50  Viking x2  
  147  15:04  Marine x4  
  147  15:05  Marauder x2  
  147  15:06  Marine  
  156  15:10  Viking x2  
  156  15:11  Marine  
  150  15:14  Marine  
  150  15:17  Orbital Command  
  150  15:18  Orbital Command  
  150  15:20  Marauder  
  141  15:26  Marine  
  141  15:27  Marine  
  117  15:30  SCV  
  117  15:33  Marine x2  
  109  15:37  Marine  
  109  15:41  Marine  
  111  15:43  Orbital Command  
  111  15:48  Ghost x2  
  115  15:55  Orbital Command  
  115  15:56  Ghost  
  115  15:58  Marine x2  
  115  15:59  Marine  
  115  16:02  Ghost  
  122  16:06  Sensor Tower  
  122  16:07  Marine x3  
  125  16:16  Marine x2  
  125  16:18  Marauder  
  118  16:22  Marauder x2, Marine  
  118  16:25  Marine x4  
  117  16:32  Marauder  
  114  16:33  Marine  
  114  16:34  Marine  
  114  16:39  Marauder  
  118  16:41  Marine  
  118  16:43  Marine  
  118  16:56  Orbital Command  
  118  16:57  Orbital Command  
  118  16:58  Viking  
  119  17:01  Marauder x2  
  101  17:39  Marauder  
  101  17:40  Marauder, Marine  
  101  17:42  Marine  
  105  17:44  Marine  
  101  17:51  Marine  
Show
View Real Time Build Order
Export as new Build Order

LiquidMaNa Protoss - Winner!

Build Orders: 1 Gate Expand, Oracle Opening, Phoenix Opening, Colossus Rush 

Get SALT Encoding   

  12  0:00  Probe  
  13  0:12  Probe  
  14  0:18  Pylon  
  14  0:22  Probe  
  15  0:32  Probe  
  15  0:37  Gateway  
  15  0:41  Probe  
  16  0:46  Assimilator  
  17  0:53  Probe  
  18  1:05  Probe  
  19  1:17  Nexus  
  19  1:27  Cybernetics Core  
  19  1:31  Probe  
  20  1:36  Assimilator  
  20  1:43  Probe  
  21  1:48  Pylon  
  21  1:55  Probe  
  22  2:03  Stalker, Stargate  
  22  2:07  Probe  
  25  2:19  Probe  
  26  2:26  Warp Gate  
  26  2:29  Probe  
  27  2:31  Probe  
  28  2:37  Oracle  
  28  2:41  Probe  
  28  2:43  Probe  
  33  2:53  Probe  
  33  2:55  Probe  
  33  2:56  Shield Battery  
  35  3:05  Probe  
  35  3:06  Phoenix  
  35  3:08  Probe  
  37  3:15  Gateway  
  37  3:17  Probe  
  40  3:20  Probe  
  40  3:24  Assimilator  
  41  3:29  Robotics Facility  
  41  3:30  Probe  
  42  3:36  Probe  
  42  3:40  Assimilator  
  43  3:42  Probe  
  43  3:48  Probe  
  45  3:54  Probe, Pylon  
  46  4:03  Pylon  
  46  4:12  Probe x2  
  46  4:15  Nexus  
  48  4:18  Robotics Bay, Observer  
  48  4:21  Sentry  
  51  4:25  Probe x2  
  51  4:27  Pylon  
  53  4:33  Stalker  
  53  4:37  Probe x2  
  57  4:41  Pylon  
  57  4:43  Observer  
  58  4:49  Colossus, Probe x2  
  60  4:58  Colossus  
  60  5:01  Probe x2  
  60  5:06  Extended Thermal Lance  
  68  5:13  Probe x2, Stalker  
  72  5:24  Stalker  
  72  5:25  Probe x2  
  72  5:27  Probe  
  77  5:32  Colossus  
  77  5:37  Probe x2  
  77  5:38  Sentry  
  77  5:41  Shield Battery  
  81  5:49  Twilight Council  
  87  5:50  Zealot  
  87  5:51  Gateway  
  87  5:54  Probe x3  
  92  6:02  Pylon  
  92  6:03  Assimilator  
  92  6:04  Pylon  
  92  6:06  Probe  
  93  6:17  Twilight Council, Forge  
  93  6:20  Phoenix  
  93  6:21  Probe x3  
  93  6:24  Colossus  
  98  6:29  Zealot x2  
  108  6:33  Probe  
  109  6:43  Pylon  
  109  6:48  Protoss Ground Weapons Level 1  
  109  6:59  Charge  
  109  7:00  Blink  
  112  7:01  Probe x3  
  112  7:02  Gateway x2  
  112  7:03  Zealot x2, Gateway  
  112  7:06  Assimilator, Gateway  
  116  7:15  Nexus  
  116  7:24  Forge  
  116  7:25  Probe  
  116  7:29  Pylon  
  117  7:31  Pylon  
  117  7:32  Pylon  
  117  7:37  Pylon  
  117  7:44  Protoss Ground Armor Level 1  
  117  7:47  Warp Prism, Probe  
  120  7:52  Stalker x3, Probe  
  120  7:57  Probe  
  124  7:59  Probe  
  124  8:01  Stalker x4  
  124  8:04  Probe  
  124  8:05  Pylon  
  134  8:09  Templar Archives, Probe  
  134  8:11  Gateway  
  135  8:18  Zealot x3, Immortal  
  141  8:22  Pylon  
  141  8:25  Gateway x2  
  145  8:40  Stalker x4  
  151  8:46  Zealot  
  145  8:53  Pylon  
  145  8:54  Psionic Storm  
  143  8:56  Protoss Ground Weapons Level 2  
  143  8:58  Immortal  
  143  9:01  Stalker x2  
  151  9:03  Shield Battery  
  151  9:09  Probe x2  
  153  9:12  High Templar x3  
  153  9:16  Pylon  
  159  9:18  Protoss Ground Armor Level 2  
  159  9:22  Nexus  
  156  9:25  Probe x2  
  156  9:31  High Templar x2, Robotics Facility  
  162  9:39  Immortal  
  162  9:41  Photon Cannon  
  162  9:45  Photon Cannon  
  166  9:56  Zealot x4  
  174  10:04  Probe x3  
  177  10:08  Pylon  
  177  10:09  High Templar x2  
  181  10:15  Gravitic Drive  
  179  10:28  Stalker x3, Zealot x3  
  189  10:45  Colossus  
  187  10:57  Colossus  
  187  10:59  Archon  
  187  11:03  Zealot  
  187  11:04  Zealot x3  
  199  11:18  Gateway  
  199  11:20  Gateway  
  199  11:23  Fleet Beacon  
  199  11:31  Protoss Air Weapons Level 1  
  199  11:35  Assimilator  
  199  11:36  Assimilator  
  199  11:42  Gravitic Boosters  
  199  11:48  Nexus  
  181  12:01  Zealot x10  
  181  12:06  Colossus x2  
  195  12:22  High Templar  
  187  12:27  Archon  
  163  12:39  Tempest  
  145  12:47  Stalker x11  
  169  12:53  Stargate  
  169  12:56  Colossus  
  169  13:03  Assimilator  
  169  13:04  High Templar  
  177  13:06  Stargate  
  177  13:08  Protoss Ground Armor Level 3  
  177  13:09  Protoss Ground Weapons Level 3  
  177  13:11  Zealot x11  
  199  13:16  Assimilator  
  199  13:20  Assimilator  
  199  13:22  Pylon  
  199  13:27  Tempest  
  199  13:29  Tempest  
  199  13:48  Protoss Air Weapons Level 2  
  198  14:03  Observer x2  
  200  14:23  Archon  
  198  14:27  High Templar  
  156  14:50  Stalker x11  
  166  14:55  Immortal  
  166  14:57  Tempest  
  166  14:58  Immortal, Tempest  
  178  15:15  Zealot x11  
  188  15:22  Tempest  
  188  15:24  Colossus  
  188  15:26  Colossus, Tempest  
  150  15:31  Tempest  
  148  15:38  High Templar x5  
  148  15:39  Zealot x7  
  148  15:42  Unknown  
  180  16:00  Nexus  
  180  16:01  Pylon  
  180  16:02  High Templar  
  180  16:03  Zealot x6  
  194  16:14  Tempest  
  194  16:15  Tempest  
  189  16:21  Archon  
  189  16:24  Tempest  
  195  16:32  Stalker x2  
  192  17:01  High Templar x4  
  198  17:22  High Templar  
  196  17:35  Nexus  
  172  18:13  Zealot x12  
Tags
 
Add a new tag
Caveats
  • Supply blocks, unpowered buildings, or Contaminate may cause inaccurate times.
  • Supply counts are checked every 10 seconds.